AoeStats
← foxinthelake

Arena

510386853Analyzed
1v1 RM · 1d ago on Sep 30, 2026· 19m 27s· 2 players
Game mode
Random Map
Map size
Tiny (2 player)
Population
200
Speed
Normal
Resources
Standard
Victory
Conquest
Starting age
Dark Age
Ending age
Imperial Age
RankedLock teamsTeams togetherTeam positionsShared explorationLock speedFull tech treeHidden civsTurbo modeCheats
Victory
Defeat
🇳🇱 Goths · Netherlands
961
+17
🇹🇷 Khmer · Türkiye
992
-17
foxinthelake
3:50 Loom
11:03 Feudal Age
12:28 Double-Bit Axe
14:57 Castle Age
13:10 Horse Collar
14:13 Scale Mail Armor
15:03 Man-at-Arms
17:30 Town Watch
18:05 Long Swordsman
MC0LEE
0:28 Loom
16:15 Feudal Age
19:15 Castle Age
17:02 Double-Bit Axe
17:08 Stone Mining
17:40 Gold Mining
19:06 Horse Collar
20:10 Bow Saw
20:01 Heavy Plow
Connection lost

Rejoining the realm…

Still unreachable

The connection could not be restored.

Session expired

The server has moved on; the page needs a fresh start.